 Dungeon Crawl Stone Soup version 0.31-a0-195-g7586a6f1e9 (webtiles) character file.

Game seed: 11445119849646789488

3887 qw the Markself (level 10, 0/58 HPs)
             Began as a Deep Elf Hunter on June 24, 2023.
             Was a Believer of Okawaru.
             Slain by a boulder beetle (16 damage)
             ... on level 8 of the Dungeon.
             The game lasted 00:03:28 (6189 turns).

qw the Markself (Deep Elf Hunter)                   Turns: 6189, Time: 00:03:28

Health: 0/58       AC: 15    Str: 12    XL:     10   Next: 0%
Magic:  15/15      EV: 21    Int: 13    God:    Okawaru [**....]
Gold:   276        SH:  0    Dex: 18    Spells: 9/9 levels left

rFire   . . .        r - +0 orcbow
rCold   . . .        (shield currently unavailable)
rNeg    . . .        l - +0 ring mail
rPois   +            q - +2 hat
rElec   .            n - +2 cloak of Xupsuuci {rPois Will- Regen+ Int-2}
rCorr   .            b - +1 pair of gloves
SInv    .            g - +0 pair of boots
Will    +....        e - amulet of faith
Stlth   +++          m - ring of willpower
HPRegen 1.09/turn    p - +5 ring of evasion
MPRegen 0.14/turn

%: faith
@: heroic
A: no striking features
a: Renounce Religion, Heroism


You were on level 8 of the Dungeon.
You worshipped Okawaru.
Okawaru was pleased with you.
You visited 2 branches of the dungeon, and saw 9 of its levels.
You also visited: Sewer.

You collected 436 gold pieces.
You spent 160 gold pieces at shops.


   Skills:
 - Level 4.4(9.4) Fighting
 + Level 15.9(20.9) Ranged Weapons
 - Level 2.3(7.3) Armour
 - Level 5.2(10.2) Dodging
 - Level 1.2(6.2) Stealth
 - Level 4.0 Invocations


You had 9 spell levels left.
You didn't know any spells.
Your spell library was empty.

Inventory:

Hand Weapons
 r - a +0 orcbow (weapon)
Armour
 b - a +1 pair of gloves (worn)
 g - a +0 pair of boots (worn)
 l - a +0 ring mail (worn)
 n - the +2 cloak of Xupsuuci (worn) {rPois Will- Regen+ Int-2}
   (You found it on level 5 of the Dungeon)

   Int:       It affects your intelligence (-2).
   rPois:     It protects you from poison.
   Regen:     It increases your rate of health regeneration.
   Will:      It decreases your willpower.
 q - a +2 hat (worn)
Jewellery
 e - an amulet of faith (around neck)
 h - a ring of ice
 k - a +1 ring of slaying {mikee}
 m - a ring of willpower (left hand)
 p - a +5 ring of evasion (right hand)
 s - an amulet of reflection
Scrolls
 a - 2 scrolls of identify
Potions
 d - a potion of enlightenment
 f - a potion of haste
 i - a potion of curing
 o - 3 potions of mutation

Dungeon Overview and Level Annotations

Branches:
Dungeon (8/15)             Temple (1/1) D:5           Sewer (visited)
   Lair: D:8-11

Altars:
Ashenzari
Cheibriados
Dithmenos
Elyvilon
Fedhas
Gozag
Hepliaklqana
Nemelex Xobeh
Okawaru
Qazlal
Ru
Sif Muna
Uskayaw
Vehumet
Wu Jian
Xom
Yredelemnul
Zin

Shops:
D:1 :   D:5 [   D:7 =

Annotations:
D:6 exclusion: moth of wrath
D:8 3 runed translucent doors, qw's ghost, novice NaHu


Message History

The boulder beetle is lightly wounded.
The boulder beetle bites you!
You shoot an arrow.
The arrow hits the boulder beetle but does no damage.
The boulder beetle is lightly wounded.
You shoot an arrow.
The arrow hits the boulder beetle but does no damage.
The boulder beetle is lightly wounded.
The boulder beetle leaps!
You start resting.
A boulder beetle is nearby!
You shoot an arrow. The arrow hits the boulder beetle!
The boulder beetle is moderately wounded.
You shoot an arrow. The arrow hits the boulder beetle.
The boulder beetle is moderately wounded.
You shoot an arrow.
The arrow hits the boulder beetle but does no damage.
The boulder beetle is moderately wounded.
The boulder beetle leaps!
You shoot an arrow. The arrow hits the boulder beetle!
The boulder beetle is heavily wounded.
You shoot an arrow.
The arrow hits the boulder beetle but does no damage.
The boulder beetle is heavily wounded.
You shoot an arrow. The arrow hits the boulder beetle!
The boulder beetle is heavily wounded.
You shoot an arrow.
The arrow completely misses the boulder beetle.
The boulder beetle misses you.
You shoot an arrow.
The arrow hits the boulder beetle but does no damage.
The boulder beetle is heavily wounded.
The boulder beetle bites you!
You shoot an arrow.
The arrow hits the boulder beetle but does no damage.
The boulder beetle is heavily wounded.
You shoot an arrow.
The arrow completely misses the boulder beetle.
The boulder beetle bites you!
You die...

77....(77 #..... ###.### #..... 7
7 77..77 7.7 #..... 7. .7#
7....77 7.7 #..... .# #.#
7..77..77 77.77#..... .# #.#
7..7777..77 7...7#....# .#.#.#
77..7##.77..77 7...7#...).
.#o#.#77..7##...77..7#7...7#.....
(#.#.#7..7 #))8#@77..#7...7#)<...
.#}#.....77##}..7B77.....)......#
.#.#.#77..77##.77..77#7...7#...##
.#.#.# 77..777777..7 7...7#...##
.#.#.# 77..7777..77 7...7#.....
.#.#.# 77..77..77 7...7#.....
.#'#.# 77....77 77.77#.#..)
7...7# 77..77 7.7 #.).<) 77.77
7.77 7.7 #)####


You could see a boulder beetle.

Vanquished Creatures
  A cyclops (D:8)
  A troll (D:8)
  A hornet (D:8)
  A slime creature (D:8)
  A vampire mosquito (D:8)
  An acid dragon (D:8)
  Edmund (D:5)
  2 water moccasins
  An orc warrior (D:7)
  A black bear (D:6)
  3 ogres (D:4)
  4 centaurs
  A phantom (D:6)
  Blork the orc (D:5)
  2 bullfrogs (Sewer)
  A gnoll sergeant (D:8)
  2 scorpions
  4 wights (D:6)
  6 orc priests
  2 jellies
  5 hounds
  An iguana (D:5)
  3 sleepcaps
  5 orc wizards
  12 adders
  7 gnolls
  4 shadow imps
  2 white imps
  4 worms
  23 orcs
  7 bats
  8 endoplasms
  8 giant cockroaches
  10 goblins
  11 hobgoblins
  9 jackals
  8 kobolds
  8 quokkas
  13 ball pythons
  11 frilled lizards
  8 rats
204 creatures vanquished.

Notes
Turn   | Place    | Note
-------+----------+-------------------------------------------
     0 | D:1      | qw the Deep Elf Hunter began the quest for the Orb.
     0 | D:1      | Reached XP level 1. HP: 12/12 MP: 3/3
     0 | D:1      | 0 ||| qw: Version: 0.3-a-9-g12657ce
     0 | D:1      | 0 ||| qw: Game counter: 4740
     0 | D:1      | 0 ||| qw: Always use a shield: true
     0 | D:1      | 0 ||| qw: God list: Okawaru
     0 | D:1      | 0 ||| qw: Allow faded altars: false
     0 | D:1      | 0 ||| qw: Do Orc after D:15 true
     0 | D:1      | 0 ||| qw: Do second Lair branch before Depths: true
     0 | D:1      | 0 ||| qw: Lair rune preference: random
     0 | D:1      | 0 ||| qw: Plans: Normal
     0 | D:1      | 0 ||| PLANNING D:1-11
    77 | D:1      | Reached skill level 6 in Ranged Weapons
    77 | D:1      | Reached XP level 2. HP: 16/16 MP: 4/4
   110 | D:1      | Found Hesai's Book Boutique.
   178 | D:1      | Reached XP level 3. HP: 20/20 MP: 5/5
   360 | D:1      | 360 ||| UPGRADING to +2 cloak.
   365 | D:1      | 365 ||| UPGRADING to +0 ring mail.
   375 | D:1      | 375 ||| DROPPING +0 leather armour.
   376 | D:1      | 376 ||| UPGRADING to amulet of faith.
   381 | D:1      | 381 ||| DROPPING amulet of guardian spirit.
   382 | D:1      | 382 ||| READING scroll labelled CACHIS CAC.
   383 | D:1      | 383 ||| READING scroll labelled OSISSUUMADA.
   386 | D:1      | 386 ||| DROPPING scroll of butterflies.
   573 | D:2      | Reached skill level 7 in Ranged Weapons
   581 | D:2      | Found a faded altar of an unknown god.
   750 | D:2      | 750 ||| Stepping ~*~*~tactically~*~*~ (outnumbered).
   764 | D:2      | Reached XP level 4. HP: 23/25 MP: 6/6
   825 | D:2      | 825 ||| READING scroll of enchant weapon.
   825 | D:2      | 825 ||| ENCHANTING +1 shortbow.
   981 | D:2      | Reached skill level 8 in Ranged Weapons
  1178 | D:2      | 1178 ||| DROPPING ring of flight.
  1179 | D:2      | 1179 ||| READING scroll labelled UTUFAC IZXUST.
  1180 | D:2      | 1180 ||| READING scroll labelled PIELYL WAOMUS.
  1181 | D:2      | 1181 ||| READING scroll labelled TEGINOA VUROFRE.
  1182 | D:2      | 1182 ||| READING scroll labelled ANINAGY HIOCOETEU.
  1183 | D:2      | 1183 ||| READING scroll labelled RODWAWKEFRO.
  1184 | D:2      | 1184 ||| DRINKING 2 sedimented orange potions.
  1227 | D:3      | Found a glowing silver altar of Zin.
  1269 | D:3      | Identified the +1 spear of the Mosquito {drain, Contam
                  | rPois Will++ rCorr}
  1352 | D:3      | Reached XP level 5. HP: 29/29 MP: 7/7
  1361 | D:3      | 1361 ||| FLEEEEING.
  1362 | D:3      | 1362 ||| FLEEEEING.
  1369 | D:3      | 1369 ||| FLEEEEING.
  1601 | D:3      | Found a broken altar of Ashenzari.
  1601 | D:3      | Found a hide-covered altar of Uskayaw.
  1796 | D:3      | 1796 ||| UPGRADING to ring of willpower.
  1797 | D:3      | 1797 ||| READING scroll labelled QEBRIM KALE.
  1851 | D:3      | 1851 ||| READING scroll labelled RYEDGH BOWUIVAN.
  1852 | D:3      | 1852 ||| READING scroll labelled ZIOGOL NIOTWI.
  1853 | D:3      | 1853 ||| READING 5 scrolls of identify.
  1853 | D:3      | 1853 ||| IDENTIFYING orange potion
  1854 | D:3      | 1854 ||| READING 4 scrolls of identify.
  1854 | D:3      | 1854 ||| IDENTIFYING sapphire potion
  1855 | D:3      | 1855 ||| DROPPING potion of attraction.
  1862 | D:4      | 1862 ||| PLANNING SEWER
  1893 | D:4      | HP: 6/29 [gnoll/+0 halberd (8)]
  1894 | D:4      | 1894 ||| READING scroll of teleportation.
  1895 | D:4      | 1895 ||| DRINKING potion of heal wounds.
  1900 | D:4      | 1900 ||| FLEEEEING.
  1915 | D:4      | Reached skill level 9 in Ranged Weapons
  1920 | D:4      | 1920 ||| FLEEEEING.
  1921 | D:4      | 1921 ||| FLEEEEING.
  1922 | D:4      | 1922 ||| FLEEEEING.
  1923 | D:4      | 1923 ||| FLEEEEING.
  1924 | D:4      | 1924 ||| FLEEEEING.
  1925 | D:4      | 1925 ||| FLEEEEING.
  1926 | D:4      | 1926 ||| STAIRDANCE
  1953 | D:4      | 1953 ||| STAIRDANCE
  2009 | D:4      | Identified the +8 plate armour "Renty" {rElec}
  2078 | D:4      | Noticed an ogre
  2084 | D:4      | Killed an ogre
  2085 | D:4      | Reached XP level 6. HP: 33/35 MP: 8/8
  2213 | D:4      | Found a sparkling altar of Nemelex Xobeh.
  2214 | D:4      | Found a snail-covered altar of Cheibriados.
  2304 | D:4      | Found a glowing drain.
  2309 | D:4      | 2309 ||| UPGRADING to +0 pair of gloves.
  2314 | D:4      | 2314 ||| READING 7 scrolls of identify.
  2314 | D:4      | 2314 ||| IDENTIFYING murky cyan potion
  2315 | D:4      | 2315 ||| READING 6 scrolls of identify.
  2315 | D:4      | 2315 ||| IDENTIFYING coppery potion
  2333 | Sewer    | Entered a sewer
  2358 | Sewer    | 2358 ||| Stepping ~*~*~tactically~*~*~ (water).
  2364 | Sewer    | 2364 ||| Stepping ~*~*~tactically~*~*~ (water).
  2394 | Sewer    | Reached skill level 1 in Armour
  2402 | Sewer    | Reached skill level 10 in Ranged Weapons
  2415 | Sewer    | 2415 ||| Stepping ~*~*~tactically~*~*~ (water).
  2418 | Sewer    | 2418 ||| Stepping ~*~*~tactically~*~*~ (water).
  2432 | Sewer    | 2432 ||| Stepping ~*~*~tactically~*~*~ (water).
  2450 | Sewer    | 2450 ||| Stepping ~*~*~tactically~*~*~ (water).
  2515 | Sewer    | 2515 ||| Stepping ~*~*~tactically~*~*~ (water).
  2521 | Sewer    | Reached skill level 3 in Dodging
  2525 | Sewer    | Reached XP level 7. HP: 24/40 MP: 9/9
  2810 | Sewer    | 2810 ||| READING scroll labelled NEVOERPH GOMPU.
  2830 | D:4      | 2830 ||| PLANNING D:1-11
  2953 | D:5      | Entered Level 5 of the Dungeon
  2953 | D:5      | Noticed Blork the orc
  2958 | D:5      | 2958 ||| STAIRDANCE
  3040 | D:5      | 3040 ||| STAIRDANCE
  3043 | D:4      | HP: 3/37 [ogre/+0 giant club (9)]
  3044 | D:4      | 3044 ||| READING scroll of teleportation.
  3199 | D:5      | 3199 ||| STAIRDANCE
  3208 | D:4      | Reached skill level 11 in Ranged Weapons
  3223 | D:4      | 3223 ||| FLEEEEING.
  3224 | D:4      | 3224 ||| FLEEEEING.
  3225 | D:4      | 3225 ||| FLEEEEING.
  3226 | D:4      | 3226 ||| FLEEEEING.
  3227 | D:4      | 3227 ||| FLEEEEING.
  3228 | D:4      | 3228 ||| FLEEEEING.
  3229 | D:4      | 3229 ||| FLEEEEING.
  3230 | D:4      | 3230 ||| FLEEEEING.
  3231 | D:4      | 3231 ||| FLEEEEING.
  3232 | D:4      | 3232 ||| FLEEEEING.
  3233 | D:4      | 3233 ||| FLEEEEING.
  3234 | D:4      | 3234 ||| FLEEEEING.
  3235 | D:4      | 3235 ||| FLEEEEING.
  3236 | D:4      | 3236 ||| STAIRDANCE
  3326 | D:5      | Found a staircase to the Ecumenical Temple.
  3327 | D:5      | 3327 ||| PLANNING TEMPLE
  3327 | D:5      | 3327 ||| READING 5 scrolls of identify.
  3327 | D:5      | 3327 ||| IDENTIFYING smoky coppery potion
  3328 | D:5      | 3328 ||| DROPPING potion of ambrosia.
  3336 | D:5      | 3336 ||| Stepping ~*~*~tactically~*~*~ (water).
  3357 | Temple   | Entered the Ecumenical Temple
  3358 | Temple   | 3358 ||| PLANNING OKAWARU WORSHIP
  3376 | Temple   | Became a worshipper of Warmaster Okawaru
  3377 | Temple   | 3377 ||| PLANNING D:1-11
  3401 | D:5      | Found a white marble altar of Elyvilon.
  3457 | D:5      | Killed Blork the orc
  3464 | D:5      | 3464 ||| FLEEEEING.
  3465 | D:5      | 3465 ||| FLEEEEING.
  3466 | D:5      | 3466 ||| FLEEEEING.
  3467 | D:5      | 3467 ||| FLEEEEING.
  3542 | D:5      | Found a shimmering blue altar of Sif Muna.
  3583 | D:5      | Found Dyral's Antique Armour Emporium.
  3592 | D:5      | 3592 ||| BUYING pair of boots (94 gold).
  3592 | D:5      | Bought a pair of boots for 94 gold pieces
  3592 | D:5      | 3592 ||| SHOPLISTING pair of glowing boots (157 gold, have
                  | 111).
  3633 | D:5      | Identified the +2 cloak of Xupsuuci {rPois Will- Regen+
                  | Int-2}
  3775 | D:5      | Noticed Edmund
  3790 | D:5      | HP: 6/35 [Edmund/+2 flail of draining (9)]
  3791 | D:5      | 3791 ||| READING 2 scrolls of teleportation.
  3794 | D:5      | Killed Edmund
  3795 | D:5      | Reached skill level 12 in Ranged Weapons
  3795 | D:5      | Reached XP level 8. HP: 7/42 MP: 10/10
  4221 | D:5      | 4221 ||| UPGRADING to +0 pair of boots.
  4226 | D:5      | 4226 ||| UPGRADING to +2 cloak of Xupsuuci {rPois Will-
                  | Regen+ Int-2}.
  4236 | D:5      | 4236 ||| DROPPING +2 cloak.
  4237 | D:5      | 4237 ||| READING 4 scrolls of identify.
  4237 | D:5      | 4237 ||| IDENTIFYING glowing cyan potion
  4284 | D:6      | 4284 ||| DRINKING 2 potions of curing.
  4284 | D:6      | 4284 ||| (to cure confusion)
  4349 | D:6      | 4349 ||| Stepping ~*~*~tactically~*~*~ (outnumbered).
  4353 | D:6      | 4353 ||| Stepping ~*~*~tactically~*~*~ (outnumbered).
  4404 | D:6      | Reached skill level 3 in Fighting
  4643 | D:6      | Reached skill level 13 in Ranged Weapons
  4645 | D:6      | Reached * piety under Okawaru
  4711 | D:6      | Reached skill level 1 in Invocations
  4757 | D:6      | Noticed a moth of wrath
  4758 | D:6      | 4758 ||| DROPPING scarf of shadows.
  4759 | D:6      | 4759 ||| UPGRADING to +5 ring of evasion.
  4948 | D:6      | 4948 ||| INVOKING Heroism.
  5054 | D:6      | 5054 ||| READING scroll labelled WAM ME CUO.
  5055 | D:6      | 5055 ||| READING 3 scrolls of identify.
  5055 | D:6      | 5055 ||| IDENTIFYING bubbling puce potion
  5056 | D:6      | 5056 ||| DROPPING potion of brilliance.
  5076 | D:7      | 5076 ||| INVOKING Heroism.
  5079 | D:7      | Reached skill level 3 in Invocations
  5097 | D:7      | Found Ipylid's One-of-a-Kind Rings.
  5107 | D:7      | 5107 ||| BUYING +1 ring of slaying (66 gold).
  5107 | D:7      | Bought a +1 ring of slaying for 66 gold pieces
  5107 | D:7      | 5107 ||| SHOPLISTING +3 ring of protection (231 gold, have
                  | 191).
  5107 | D:7      | 5107 ||| SHOPLISTING +4 ring of evasion (231 gold, have
                  | 191).
  5107 | D:7      | 5107 ||| SHOPLISTING +7 ring of dexterity (495 gold, have
                  | 191).
  5107 | D:7      | 5107 ||| SHOPLISTING ring "Wuruef Duana" {rC+ rN+} (374
                  | gold, have 191).
  5107 | D:7      | 5107 ||| SHOPLISTING ring of Qavohil {rF+ Str+6 Dex+5} (665
                  | gold, have 191).
  5158 | D:7      | 5158 ||| INVOKING Heroism.
  5355 | D:7      | Reached skill level 14 in Ranged Weapons
  5355 | D:7      | Reached XP level 9. HP: 50/50 MP: 13/13
  5364 | D:7      | 5364 ||| SWAPPING to +0 orcbow.
  5365 | D:7      | 5365 ||| DROPPING +2 shortbow.
  5395 | D:7      | 5395 ||| Stepping ~*~*~tactically~*~*~ (outnumbered).
  5397 | D:7      | 5397 ||| Stepping ~*~*~tactically~*~*~ (outnumbered).
  5410 | D:7      | 5410 ||| INVOKING Heroism.
  5631 | D:7      | 5631 ||| UPGRADING to +2 hat.
  5636 | D:7      | 5636 ||| DROPPING amulet of regeneration.
  5650 | D:8      | 5650 ||| INVOKING Heroism.
  5659 | D:8      | 5659 ||| STAIRDANCE
  5679 | D:7      | 5679 ||| INVOKING Heroism.
  5718 | D:8      | Noticed qw's ghost (novice NaHu)
  5758 | D:8      | 5758 ||| INVOKING Heroism.
  5760 | D:8      | Paralysed by a hornet for 1 turns
  5822 | D:8      | Found a runed translucent gate.
  5822 | D:8      | Found a runed translucent gate.
  5824 | D:8      | Found a runed translucent gate.
  5844 | D:8      | 5844 ||| INVOKING Heroism.
  5868 | D:8      | Identified the +9 flail of the Hummingbird {freeze, Drain
                  | Str+5}
  5877 | D:8      | 5877 ||| READING scroll of enchant armour.
  5877 | D:8      | 5877 ||| ENCHANTING +0 pair of gloves.
  5898 | D:8      | Reached skill level 15 in Ranged Weapons
  5900 | D:8      | 5900 ||| INVOKING Heroism.
  5938 | D:8      | Noticed a troll
  5939 | D:8      | 5939 ||| INVOKING Heroism.
  5943 | D:8      | Killed a troll
  5946 | D:8      | Reached ** piety under Okawaru
  6055 | D:8      | Noticed a cyclops
  6056 | D:8      | 6056 ||| INVOKING Heroism.
  6064 | D:8      | HP: 11/52 [cyclops (15)]
  6065 | D:8      | 6065 ||| READING scroll of teleportation.
  6066 | D:8      | Killed a cyclops
  6068 | D:8      | 6068 ||| FLEEEEING.
  6071 | D:8      | 6071 ||| FLEEEEING.
  6072 | D:8      | 6072 ||| FLEEEEING.
  6079 | D:8      | Reached XP level 10. HP: 28/58 MP: 15/15
  6134 | D:8      | Noticed a boulder beetle
  6135 | D:8      | 6135 ||| INVOKING Heroism.
  6165 | D:8      | 6165 ||| INVOKING Heroism.
  6174 | D:8      | HP: 11/58 [boulder beetle (16)]
  6189 | D:8      | Slain by a boulder beetle

Levels and vault maps discovered:
D:1:      amcnicky_arrival_underground_garden, layout_rooms, serial_shops, shop
D:2:      layout_loops_cross, basic_ecumenical_altar, minmay_joined_circles
D:3:      layout_basic, mainiacjoe_overflow_boulevard,
          chequers_temple_overflow_statue_of_worship
D:4:      layout_cave_pools, gammafunk_temple_overflow_pools,
          cheibrodos_sewer_entry_bend
D:5:      layout_loops_ring, mainiacjoe_overflow_alcove_4,
          nicolae_elyvilon_peaceful_grove, minmay_temple_entry_mist,
          serial_shops, nicolae_shop_stone, uniq_blork_the_orc, uniq_edmund
D:6:      layout_loops_ring, tgw_trog, roderic_roman_lattice
D:7:      layout_basic, nicolae_shop_unique_rings
D:8:      nzn_winding_woodlands_cross [nzn_winding_woodlands_5x15_cabin,
          nzn_winding_woodlands_5x15_default,
          nzn_winding_woodlands_5x15_longhouse,
          nzn_winding_woodlands_5x15_garden,
          nzn_winding_woodlands_15x15_thick_spiral], layout_rooms,
          ebering_ghost_rock_garden
Temple:   minmay_freezing_vapour_temple

Skill      XL: |  1  2  3  4  5  6  7  8  9 |
---------------+----------------------------+-----
Ranged Weapons | 6 7 8 9 10 12 14 15 | 15.9
Fighting       | 2 3 4 |  4.4
Armour         | 1 2 |  2.3
Dodging        | 4 5 |  5.2
Invocations    | 3 4 |  4.0
Stealth        | |  1.2

Action                     |  1- 3 |  4- 6 |  7- 9 | 10-12 || total
---------------------------+-------+-------+-------+-------++-------
   Fire: Shortbow          |   124 |   234 |   265 |       ||   623
         Orcbow            |       |       |   142 |    26 ||   168
 Invoke: Heroism           |       |       |    11 |     2 ||    13
    Use: Scroll            |     2 |    14 |     9 |       ||    25
         Potion            |       |     2 |     1 |       ||     3
 Armour: Leather armour    |    14 |       |       |       ||    14
         Ring mail         |    17 |    52 |    68 |       ||   137
  Dodge: Dodged            |    39 |    70 |   173 |     6 ||   288

Table legend:
 A = Non-vault XP
 B = Vault XP
 C = Vault XP percentage of total XP
 D = Non-vault monster count
 E = Vault monster count
 F = Vault count percentage of total count
                 A         B        C        D         E       F
            +---------+---------+-------+---------+---------+-------
      Total |    3747 |    1806 |  32.5 |     151 |      53 |  26.0
            +---------+---------+-------+---------+---------+-------
        D:1 |      42 |       0 |   0.0 |      25 |       0 |   0.0
        D:2 |      94 |      43 |  31.4 |      26 |      17 |  39.5
        D:3 |      41 |       0 |   0.0 |      10 |       0 |   0.0
        D:4 |     583 |      10 |   1.7 |      21 |       2 |   8.7
        D:5 |     221 |     253 |  53.4 |       9 |       2 |  18.2
        D:6 |    1004 |       0 |   0.0 |      26 |       0 |   0.0
        D:7 |     727 |       0 |   0.0 |      17 |       0 |   0.0
        D:8 |    1035 |    1246 |  54.6 |      17 |       5 |  22.7
      Sewer |       0 |     254 | 100.0 |       0 |      27 | 100.0
            +---------+---------+-------+---------+---------+-------
